 Dungeon Crawl Stone Soup version 0.17-a0-1996-gd2c0ec8 (webtiles) character file.

1168 brucemayne the Basher (level 8, -5/117 HPs)
             Began as an Ogre Berserker on Oct 7, 2015.
             Was a Believer of Trog.
             Slain by a killer bee (6 damage)
             ... on level 8 of the Dungeon.
             The game lasted 00:09:07 (2029 turns).

brucemayne the Basher (Ogre Berserker)              Turns: 2029, Time: 00:09:07

Health: -5/117     AC:  4    Str: 28    XL:     8   Next: 40%
Magic:  8/8        EV: 10    Int:  6    God:    Trog [**....]
Gold:   131        SH:  0    Dex: 11    Spells: 0 memorised, 7 levels left

rFire  . . .     SeeInvis .     l - +0 giant spiked club
rCold  . . .     Clarity  .     b - +1 animal skin
rNeg   . . .     SustAt   .     (no shield)
rPois  .         Gourm    .     (helmet restricted)
rElec  .         Spirit   .     (no cloak)
rCorr  .         Warding  .     (gloves unavailable)
rMut   .         Stasis   .     (boots unavailable)
MR     ++...                    (no amulet)
Stlth  ..........               r - ring of stealth
                                p - ring of loudness (curse)

@: berserking, lethally poisoned (-5 -> -5), regenerating, very quick, very
resistant to hostile enchantments, extremely unstealthy
A: unfitting armour, tough skin 1
a: Burn Spellbooks, Berserk, Trog's Hand, Renounce Religion


You were on level 8 of the Dungeon.
You worshipped Trog.
Trog was pleased with you.
You were not hungry.

You visited 2 branches of the dungeon, and saw 10 of its levels.

You collected 131 gold pieces.

Inventory:

Hand Weapons
 a - a +0 mace
 f - a +2 hand axe of electrocution
 l - a +0 giant spiked club (weapon)
 m - a +1 flail
 n - a +0 flail
 o - a +0 giant club
 q - a cursed +0 long sword
Armour
 b - a +1 animal skin (worn)
Magical Staves
 d - an uncursed staff of earth {unknown}
Jewellery
 p - a cursed ring of loudness (left hand)
 r - a ring of stealth (right hand)
 u - an uncursed ring of teleportation
Scrolls
 e - a scroll of enchant armour
 k - a scroll of identify
Potions
 h - a potion of magic
 i - a potion of curing {unknown}
 j - a potion of lignification {unknown}
 s - a potion of might {unknown}
 t - a potion of agility {unknown}
 v - a potion of degeneration {unknown}
 w - 2 potions of brilliance {unknown}
 z - a potion of flight {unknown}
Comestibles
 c - 3 bread rations
 g - 7 chunks of flesh


   Skills:
 - Level 4.0 Fighting
 + Level 12.8 Maces & Flails
 - Level 2.6 Dodging


You had 7 spell levels left.
You didn't know any spells.

Dungeon Overview and Level Annotations

Branches:
Dungeon (9/15)             Temple (1/1) D:5            Lair (0/8) D:8
    Orc: D:9-12

Altars:
Ashenzari
Cheibriados
Elyvilon
Fedhas
Gozag
Makhleb
Nemelex Xobeh
Okawaru
Ru
Sif Muna
Trog
Yredelemnul

Annotations:
D:3 Anothat's ghost, weakling MfSk; Natasha


Innate Abilities, Weirdness & Mutations

You are too large for most types of armour.
You have tough skin (AC +1).


Message History

You miss the killer bee. The killer bee closely misses you.
The centaur zombie hits you.
* * * LOW HITPOINT WARNING * * *
The killer bee stings you but does no damage.
Unknown command.
You barely miss the killer bee.
You feel sick. The killer bee stings you.
* * * LOW HITPOINT WARNING * * *
The centaur zombie hits you.
* * * LOW HITPOINT WARNING * * *
The killer bee barely misses you.
Unknown command.
You miss the killer bee.
You feel the effects of Trog's Hand fading.
You feel sick.
The centaur zombie hits you but does no damage.
The killer bee stings you!
* * * LOW HITPOINT WARNING * * *
You miss the killer bee.
You feel sick. The killer bee barely misses you.
The centaur zombie barely misses you. The killer bee stings you.
You die...

..... #.#..
.... .|. ..
.#
####y#.###.
#..@.......
#.##Z#?....
.| .# ...
..... .. .#
. ........
## .
......# .P
#...#..
..P. #...
.# ..P.
#J.. .#


You could see a killer bee and a centaur zombie.

Vanquished Creatures
  A wyvern (D:9)
  2 sky beasts
  An ice beast (D:9)
  4 ogres
  3 wights (D:6)
  A crimson imp (D:7)
  A giant frog skeleton (D:4)
  A jelly (D:8)
  3 orc wizards
  2 worker ants
  An adder (D:5)
  2 oozes
  An adder zombie (D:5)
  2 giant geckos
  13 orcs
  A ball python (D:1)
  A giant cockroach (D:5)
  2 goblins
  2 hobgoblins (D:1)
  7 jackals
  A bat (D:8)
  A giant gecko zombie (D:6)
  2 giant newts (D:4)
  A jackal skeleton (D:7)
  2 rats (D:1)
58 creatures vanquished.

Notes
Turn   | Place    | Note
--------------------------------------------------------------
     0 | D:1      | brucemayne the Ogre Berserker began the quest for the Orb.
     0 | D:1      | Reached XP level 1. HP: 24/24 MP: 1/1
    89 | D:1      | Reached XP level 2. HP: 32/32 MP: 2/2
   165 | D:2      | Reached skill level 5 in Maces & Flails
   221 | D:3      | Noticed Natasha
   223 | D:3      | Noticed Anothat's ghost (weakling MfSk)
   280 | D:4      | Reached skill level 6 in Maces & Flails
   280 | D:4      | Reached XP level 3. HP: 33/39 MP: 3/3
   293 | D:4      | Acquired Trog's second power
   293 | D:4      | Reached XP level 4. HP: 28/48 MP: 4/4
   387 | D:4      | Noticed an ogre
   433 | D:4      | Killed an ogre
   433 | D:4      | Reached skill level 7 in Maces & Flails
   433 | D:4      | Reached XP level 5. HP: 33/54 MP: 5/5
   437 | D:4      | Reached skill level 8 in Maces & Flails
   520 | D:5      | Entered Level 5 of the Dungeon
   586 | D:4      | Reached XP level 6. HP: 37/62 MP: 6/6
   641 | D:5      | Found a staircase to the Ecumenical Temple.
   674 | Temple   | Entered the Ecumenical Temple
   808 | D:5      | Noticed a sky beast
   830 | D:5      | Killed a sky beast
   830 | D:5      | Reached skill level 9 in Maces & Flails
  1201 | D:6      | Reached skill level 10 in Maces & Flails
  1201 | D:6      | Reached XP level 7. HP: 56/70 MP: 7/7
  1653 | D:7      | Reached skill level 11 in Maces & Flails
  1780 | D:8      | Found a staircase to the Lair.
  1810 | D:8      | Reached XP level 8. HP: 78/78 MP: 8/8
  1891 | D:9      | Reached skill level 12 in Maces & Flails
  2028 | D:8      | HP: 1/117 [killer bee (9)]
  2029 | D:8      | Slain by a killer bee

Vault maps used:
D:1:      eino_arrival_water_star, minmay_misc_feat_diagonals,
          hangedman_decor_clover_reticule
D:2:      old_standard_altar, first_bread
D:3:      nicolae_tso_swordbearing_angel, minmay_misc_feat_hallway, uniq_natasha
D:4:      old_standard_altar, gammafunk_temple_overflow_elements
D:5:      temple_green
D:6:      nicolae_overflow_hidden_temple
D:8:      due_lair_maze_entry_diamond
D:9:      old_standard_altar, orc_0_dummy, basic_altar, special_room,
          grunt_decor_mini_mirrors
Temple:   circular_temple_12

Action                   |  1- 3 |  4- 6 |  7- 9 || total
-------------------------+-------+-------+-------++-------
Melee: Mace              |    47 |     3 |       ||    50
       Flail             |       |    94 |    41 ||   135
       Hand axe          |       |       |     8 ||     8
       Giant spiked club |       |       |    17 ||    17
Invok: Berserk           |     1 |     4 |     8 ||    13
       Trog's Hand       |       |     3 |     4 ||     7
  Use: Scroll            |       |     3 |     6 ||     9
  Eat: Chunk             |       |     6 |     7 ||    13
       Fruit             |       |     1 |       ||     1
       Beef jerky        |       |       |     1 ||     1
       Pizza             |       |       |     1 ||     1
